cohdb
Replays
Latest Replays
All Replays
Popular Replays
Top Player Replays
Match Explorer
How It Works
Community
CoH3 Stats
Reddit
Sign in to upload your games and track your stats! →
Sign in with Steam
Match 37417657
Unlisted
Match 37417657
Overview
Messages
Build Orders
End
Construct Barracks
Riflemen Squad
Riflemen Squad
Riflemen Squad
Grenade Package
Selects Armored Battlegroup
Selects Fast Deploy
Infantry Support Center
Construct Tank Depot
M4A1 Sherman Medium Tank
Selects Seek and Destroy
Selects UNKNOWN (2160077)
Selects Veteran Crews
Selects M31 Recovery Vehicle
M31 Recovery Vehicle
Construct Medical Station
M4A1 Sherman Medium Tank
M4A3E8 Sherman Easy Eight
M4A3E8 Sherman Easy Eight
NewPeopleArmy
HelloFriends :D
kenleung
Expert
..................
MagicLee
顾宇燃
983073338
0
0
Comments
sign in to comment!
No comments posted yet!